AoeStats
← Кто играет в team

Arena

504522055Analyzed
2v2 RM · 28d ago on Sep 5, 2026· 66m 4s· 4 players
Game mode
Random Map
Map size
Medium (4 player)
Population
200
Speed
Normal
Resources
Standard
Victory
Conquest
Starting age
Dark Age
Ending age
Imperial Age
RankedLock teamsTeams togetherTeam positionsShared explorationLock speedFull tech treeHidden civsTurbo modeCheats
Victory
Defeat
🇫🇷 Burgundians · France
804
+13
🇫🇷 Franks · France
739
+37
765
-16
🇨🇳 Chinese · China
713
-13
604569544
13:41 Feudal Age
20:17 Castle Age
22:03 Wheelbarrow
21:14 Town Watch
21:21 Horse Collar
26:05 Double-Bit Axe
30:12 Bow Saw
35:22 Imperial Age
33:17 Hand Cart
33:01 Pikeman
33:41 Squires
33:27 Arson
33:46 Scale Mail Armor
34:00 Forging
34:57 Great Wall
35:14 Fortified Wall
35:25 Ballistics
35:26 Chain Mail Armor
36:24 Conscription
36:25 Rocketry
38:54 Halberdier
38:57 Elite Fire Lancer
39:28 Heavy Rocket Cart
40:11 Gold Mining
40:12 Stone Mining
41:26 Two-Man Saw
40:28 Heavy Plow
40:40 Loom
40:53 Heavy Scorpion
49:06 Iron Casting
49:02 Plate Mail Armor
54:46 Sappers
Кто играет в team
0:27 Loom
10:46 Feudal Age
17:05 Castle Age
14:58 Horse Collar
15:05 Double-Bit Axe
18:43 Heavy Plow
21:06 Stone Mining
28:44 Wheelbarrow
28:23 Bow Saw
29:39 Kamandaran
31:10 Stone Shaft Mining
30:58 Hand Cart
35:20 Imperial Age
33:04 Padded Archer Armor
32:55 Fletching
32:28 Crossbowman
32:30 Elite Skirmisher
33:00 Gambesons
32:38 Pikeman
32:39 Man-at-Arms
35:24 Leather Archer Armor
35:04 Bodkin Arrow
35:13 Scale Mail Armor
35:23 Forging
35:20 Scale Barding Armor
35:23 Husbandry
35:34 Bloodlines
34:46 Light Cavalry
35:29 Squires
34:51 Long Swordsman
35:17 Arson
36:03 Thumb Ring
36:48 Ring Archer Armor
37:33 Two-Man Saw
37:08 Crop Rotation
36:50 Town Watch
37:11 Halberdier
38:09 Chain Mail Armor
39:49 Iron Casting
41:25 Town Patrol
43:17 Blast Furnace
42:47 Plate Mail Armor
44:00 Parthian Tactics
44:48 Conscription
44:51 Chain Barding Armor
45:58 Chemistry
44:57 Murder Holes
44:35 Hussar
44:36 Heavy Camel Rider
47:10 Plate Barding Armor
48:26 Cavalier
Scooby Jew
1:10 Loom
4:32 Loom
10:03 Feudal Age
8:39 Double-Bit Axe
9:05 Loom
9:10 Horse Collar
10:56 Bow Saw
16:07 Castle Age
15:47 Scale Barding Armor
15:53 Forging
17:13 Husbandry
21:39 Cavalier
23:58 Gold Mining
25:28 Heavy Plow
29:46 Wheelbarrow
30:14 Two-Man Saw
32:52 Imperial Age
31:13 Gold Shaft Mining
30:28 Stone Mining
31:06 Padded Archer Armor
32:12 Chain Barding Armor
32:35 Crop Rotation
33:03 Murder Holes
33:19 Burgundian Vineyards
35:16 Chemistry
34:54 Iron Casting
34:55 Plate Barding Armor
35:07 Stone Shaft Mining
34:52 Leather Archer Armor
34:27 Fletching
35:13 Fortified Wall
35:25 Ballistics
35:16 Masonry
37:02 Blast Furnace
36:03 Scale Mail Armor
35:57 Paladin
38:37 Bodkin Arrow
40:53 Chain Mail Armor
48:32 Hoardings
47:27 Sappers
49:09 Plate Mail Armor
48:40 Bracer
48:33 Guard Tower
48:54 Clinker Construction
48:54 Careening
49:15 Architecture
48:25 Treadmill Crane
53:32 Hand Cart
yoman
0:35 Loom
13:05 Feudal Age
12:53 Loom
18:45 Castle Age
17:26 Wheelbarrow
20:25 Scale Barding Armor
20:24 Scale Mail Armor
21:40 Hand Cart
26:46 Pikeman
26:57 Light Cavalry
27:52 Elite Skirmisher
29:00 Gold Mining
29:01 Stone Mining
28:59 Double-Bit Axe
32:42 Husbandry
41:46 Imperial Age
43:23 Chain Barding Armor
43:18 Chain Mail Armor
43:06 Padded Archer Armor
42:57 Fletching
43:18 Forging
47:42 Bow Saw
48:15 Plate Mail Armor
48:21 Plate Barding Armor
48:21 Iron Casting
47:42 Bodkin Arrow
48:02 Leather Archer Armor
49:00 Gold Shaft Mining
49:16 Elite Throwing Axeman
51:13 Cavalier
Connection lost

Rejoining the realm…

Still unreachable

The connection could not be restored.

Session expired

The server has moved on; the page needs a fresh start.